 Dungeon Crawl Stone Soup version 0.31-a0-366-ga77b45bd9b (webtiles) character file.

Game seed: 4994997121415963473

2524 AdnanSaban the Basher (level 9, -2/56 HPs)
             Began as a Gargoyle Fighter on July 28, 2023.
             Was a Believer of Okawaru.
             Killed from afar by a swamp worm (12 damage)
             ... with a harpoon shot
             ... on level 7 of the Dungeon.
             The game lasted 00:07:36 (7669 turns).

AdnanSaban the Basher (Gargoyle Fighter)            Turns: 7669, Time: 00:07:36

Health: -2/56      AC: 20    Str: 24    XL:     9   Next: 54%
Magic:  9/9        EV:  7    Int:  9    God:    Okawaru [**....]
Gold:   509        SH:  5    Dex:  9    Spells: 8/8 levels left

rFire   . . .        D - +4 flail
rCold   + . .        c - +0 buckler
rNeg    + . .        g - +0 plate armour
rPois   ∞            (no helmet)
rElec   +            (no cloak)
rCorr   .            F - +0 pair of gloves
SInv    .            (no boots)
Will    +....        (no amulet) Stlth
                     v - ring of protection from cold
HPRegen 0.29/turn    G - ring of willpower
MPRegen 0.11/turn

%: no passive effects
@: no status effects
A: sickness immunity, AC +6, negative energy resistance 1, electricity
resistance, torment resistance 1, petrification resistance
a: Renounce Religion, Heroism


You were on level 7 of the Dungeon.
You worshipped Okawaru.
Okawaru was pleased with you.
You visited 2 branches of the dungeon, and saw 8 of its levels.
You also visited: Ossuary.

You collected 509 gold pieces.

Inventory:

Hand Weapons
 u - a +2 antimagic flail
 D - a +4 flail (weapon)
Missiles
 j - 14 poisoned darts (quivered)
 w - 2 javelins
Armour
 c - a +0 buckler (worn)
 g - a +0 plate armour (worn)
 F - a +0 pair of gloves (worn)
Jewellery
 v - a ring of protection from cold (left hand)
 G - a ring of willpower (right hand)
Wands
 q - a wand of charming (9)
Scrolls
 a - a scroll of silence {unknown}
 b - a scroll of enchant weapon {unknown}
 e - 2 scrolls of fog {unknown}
 k - 2 scrolls of blinking {unknown}
 m - a scroll of revelation {unknown}
 o - 3 scrolls of vulnerability {unknown}
 r - 4 scrolls of teleportation {unknown}
 s - a scroll of amnesia {unknown}
 t - 8 scrolls of identify {unknown}
 y - a scroll of brand weapon {unknown}
 H - a scroll of immolation {unknown}
Potions
 d - a potion of might
 f - a potion of lignification {unknown}
 h - a potion of resistance {unknown}
 i - a potion of cancellation {unknown}
 l - a potion of berserk rage {unknown}
 n - a potion of invisibility {unknown}
 p - 3 potions of degeneration {unknown}
 x - a potion of curing {unknown}
 z - 2 potions of mutation {unknown}
 A - a potion of heal wounds {unknown}
 B - a potion of magic {unknown}
 C - a potion of attraction {unknown}
 E - a potion of brilliance {unknown}


   Skills:
 + Level 6.9 Fighting
 + Level 9.2 Maces & Flails
 + Level 0.1 Throwing
 + Level 6.8 Armour
 + Level 0.9 Dodging
 + Level 5.5 Shields


You had 8 spell levels left.
You didn't know any spells.
Your spell library contained the following spells:

 Spells                   Type           Power      Damage    Failure   Level
 Necrotise                Necr           0%         1d4       100%        1
 Blink                    Tloc           0%         N/A       100%        2
 Ensorcelled Hibernation  Hex/Ice        0%         N/A       100%        2
 Portal Projectile        Hex/Tloc       0%         N/A       100%        3
 Vampiric Draining        Necr           0%         2d6       100%        3
 Anguish                  Hex/Necr       0%         N/A       100%        4
 Leda's Liquefaction      Hex/Erth       0%         N/A       100%        4
 Manifold Assault         Tloc           0%         N/A       100%        4
 Agony                    Necr           0%         N/A       100%        5
 Call Canine Familiar     Summ           Unusable   N/A       N/A         3

Dungeon Overview and Level Annotations

Branches:
Dungeon (7/15)             Temple (1/1) D:6         Ossuary (visited)

Altars:
Ashenzari
Cheibriados
Dithmenos
Elyvilon
Fedhas
Gozag
Makhleb
Nemelex Xobeh
Okawaru
Qazlal
Ru
Sif Muna
Trog
Uskayaw
Vehumet
Wu Jian
Xom
Yredelemnul
The Shining One

Shops:
D:6 [

Annotations:
D:7 3 runed translucent doors, Bnni's ghost, novice OpSh


Innate Abilities, Weirdness & Mutations

You are immune to sickness and miasma.
Your stone body is resilient. (AC +6)
You are immune to poison.
You resist negative energy. (rN+)
You are resistant to electric shocks. (rElec)
You are resistant to unholy torment.
You are immune to petrification.


Message History

The swamp worm is lightly wounded.
The swamp worm bites you!
You hit the swamp worm.
The swamp worm is lightly wounded.
You thump the swamp worm!
The swamp worm is heavily wounded.
The swamp worm bites you but does no damage.
You bludgeon the swamp worm!!
The swamp worm is almost dead.
The swamp worm bites you! The swamp worm bites you. The swamp worm bites you!
* * * LOW HITPOINT WARNING * * *
You are too injured to fight recklessly!
You are too injured to fight recklessly!
You are too injured to fight recklessly!
You are too injured to fight recklessly!
You are too injured to fight recklessly!
You are too injured to fight recklessly!
You are too injured to fight recklessly!
You are too injured to fight recklessly!
You are too injured to fight recklessly!
You are too injured to fight recklessly!
You are too injured to fight recklessly!
You are too injured to fight recklessly!
You are too injured to fight recklessly!
You are too injured to fight recklessly!
You are too injured to fight recklessly!
You are too injured to fight recklessly!
You are too injured to fight recklessly!
You are too injured to fight recklessly!
The swamp worm attacks as you move away!
The swamp worm completely misses you.
The swamp worm attacks as you move away!
You block the swamp worm's attack.
The swamp worm fires a harpoon shot at you.
The harpoon shot hits you but does no damage.
The swamp worm fires a harpoon shot at you.
The harpoon shot hits you but does no damage.
The swamp worm fires a harpoon shot at you.
The harpoon shot hits you!
You die...

..........#..###...###.##.# ##.##
.........###.......###....####..#
#..####...#######...........###.#
####..###..# ##............###.#
.YWZ... ##.# ##..............##.#
#ZZ..... #.###................#.#
.Y...#.Y##.......................
.=...#..#..###................#..
....##..#..###..@.............###
!?###...#...##................# #
###....##.#.......w...........#
.......#..#...#...w....~~~~~..#
......##......##.....#~~~~~~~.#
.Y...##..##...######..~≈~~P≈~..#
+++###........# ##~~##~##~~[.#
.........###### #~~~#~w~#~~~.#
########## #~≈##)~~##≈~.#


You could see 2 swamp worms.

Vanquished Creatures
  An orc warrior (D:7)
  A water moccasin (D:7)
  A black bear (D:5)
  3 ice beasts
  A sky beast (D:7)
  A centaur (D:7)
  2 phantoms (D:5)
  A kobold brigand (D:7)
  An elf zombie (Ossuary)
  11 wights
  2 centaur zombies (Ossuary)
  2 human zombies (Ossuary)
  A jelly (D:4)
  2 orc priests (D:6)
  A gnoll bouda (D:5)
  5 hounds
  Jessica (D:2)
  Ijyb (D:3)
  3 iguanas
  2 sleepcaps
  An orc wizard (D:3)
  3 mummies (Ossuary)
  5 gnolls (D:5)
  8 adders
  A shadow imp (D:5)
  2 white imps (D:7)
  An ufetubus (D:4)
  An adder zombie (Ossuary)
  A worm (D:2)
  3 dart slugs
  23 orcs
  16 ball pythons
  5 endoplasms
  4 giant cockroaches
  A gnoll zombie (Ossuary)
  11 goblins
  4 hobgoblins
  6 jackals
  11 kobolds
  5 quokkas
  6 bats
  4 frilled lizards
  3 goblin zombies (Ossuary)
  8 hobgoblin zombies (Ossuary)
  2 jackal zombies (Ossuary)
  4 kobold zombies (Ossuary)
  2 orc zombies (Ossuary)
  2 quokka zombies (Ossuary)
  7 rats
  8 rat zombies (Ossuary)
201 creatures vanquished.

Notes
Turn   | Place    | Note
-------+----------+-------------------------------------------
     0 | D:1      | AdnanSaban the Gargoyle Fighter began the quest for the
                  | Orb.
     0 | D:1      | Reached XP level 1. HP: 14/14 MP: 1/1
   288 | D:1      | Reached XP level 2. HP: 19/19 MP: 2/2
   937 | D:2      | Reached XP level 3. HP: 23/24 MP: 3/3
   995 | D:2      | Noticed Jessica
  1007 | D:2      | Killed Jessica
  1008 | D:2      | Reached XP level 4. HP: 29/29 MP: 4/4
  1447 | D:2      | Reached skill level 3 in Maces & Flails
  1661 | D:2      | Identified the +5 dagger of Fedhas's Grace {venom, rC+
                  | Int+2}
  2071 | D:3      | Reached XP level 5. HP: 31/33 MP: 5/5
  2389 | D:3      | Noticed Ijyb
  2414 | D:3      | Killed Ijyb
  2807 | D:4      | Reached skill level 4 in Maces & Flails
  2923 | D:4      | Reached XP level 6. HP: 38/38 MP: 6/6
  3822 | D:5      | Entered Level 5 of the Dungeon
  4029 | D:5      | Reached XP level 7. HP: 44/44 MP: 2/7
  4195 | D:5      | Reached skill level 5 in Armour
  4239 | D:5      | Reached skill level 5 in Fighting
  4239 | D:5      | Reached skill level 5 in Maces & Flails
  4333 | D:5      | Found an iron altar of Okawaru.
  4341 | D:5      | Became a worshipper of Warmaster Okawaru
  4458 | D:5      | Found a sand-covered staircase.
  4468 | Ossuary  | Entered an ossuary
  4747 | Ossuary  | Reached skill level 6 in Maces & Flails
  4763 | Ossuary  | Reached skill level 5 in Shields
  4763 | Ossuary  | Reached XP level 8. HP: 36/49 MP: 2/8
  5120 | D:5      | Reached * piety under Okawaru
  5451 | D:6      | Found a staircase to the Ecumenical Temple.
  5500 | D:6      | Reached skill level 7 in Maces & Flails
  6133 | D:6      | Found Qaggoh's Antique Armour Shoppe.
  6177 | D:6      | Found a basalt altar of Yredelemnul.
  6509 | D:6      | Reached XP level 9. HP: 49/56 MP: 9/9
  6827 | D:6      | Reached ** piety under Okawaru
  6828 | D:6      | Reached skill level 8 in Maces & Flails
  6954 | Temple   | Entered the Ecumenical Temple
  7168 | D:7      | Found a runed translucent gate.
  7168 | D:7      | Found a runed translucent gate.
  7168 | D:7      | Found a runed translucent gate.
  7316 | D:7      | Reached skill level 9 in Maces & Flails
  7556 | D:7      | Noticed Bnni's ghost (novice OpSh)
  7669 | D:7      | Killed from afar by a swamp worm

Illustrated notes

Levels and vault maps discovered:
D:1:      dpeg_arrival_shelter, layout_basic
D:2:      layout_loops_corners, minmay_quantized, uniq_jessica
D:3:      layout_basic, kennysheep_generic_room_10, uniq_ijyb
D:4:      layout_gridville
D:5:      layout_basic, mainiacjoe_overflow_six_doors_small,
          nicolae_ossuary_entry_ruins
D:6:      layout_basic, kennysheep_mini, lemuel_temple_firewalk_b, serial_shops,
          shop, hex_intersection
D:7:      layout_rooms, gammafunk_ghost_icy, glass_columns_a, worms_lemuel
Temple:   bh_familiar_temple

Skill      XL: |  1  2  3  4  5  6  7  8  9 |
---------------+----------------------------+-----
Shields        | 4 5 |  5.5
Maces & Flails | 3 4 6 7 9 |  9.2
Armour         | 4 5 6 |  6.8
Fighting       | 4 5 6 |  6.9
Throwing       | |  0.1
Dodging        | |  0.9

Action                     |  1- 3 |  4- 6 |  7- 9 || total
---------------------------+-------+-------+-------++-------
  Melee: Flail             |    99 |   298 |   401 ||   798
  Throw: Dart              |       |       |     2 ||     2
 Armour: Scale mail        |    17 |       |       ||    17
         Plate armour      |    61 |   223 |   260 ||   544
  Dodge: Dodged            |    26 |    82 |   125 ||   233
  Block: Buckler           |    29 |    59 |    80 ||   168

Table legend: (Time is in decaauts)
 A = Elapsed time spent in this place.
 B = Non-inter-level travel time spent in this place.
 C = Inter-level travel time spent in this place.
 D = Time resting spent in this place.
 E = Time spent auto-exploring this place.
 F = Levels seen in this place.
 G = Mean time per level.
                   A        B        C        D        E       F      G
               +--------+--------+--------+--------+--------+-----+--------+
         Total |   7813 |   7618 |    195 |    373 |   5554 |   9 |  868.1 |
       Dungeon |   7389 |   7194 |    195 |    373 |   5328 |   7 | 1055.6 |
        Temple |      1 |      1 |      0 |      0 |      0 |   1 |    1.0 |
       Ossuary |    421 |    421 |      0 |      0 |    226 |   1 |  421.0 |
               +--------+--------+--------+--------+--------+-----+--------+

Top non-repeatable levels by time:
     D:5: 1524 daAuts
     D:6: 1284 daAuts
     D:4: 1026 daAuts
     D:2: 994 daAuts
     D:1: 952 daAuts
     D:3: 945 daAuts
     D:7: 661 daAuts
 Ossuary: 421 daAuts
  Temple: 1 daAuts
